 Dungeon Crawl Stone Soup version 0.25-a0-589-g1e14c549ee (webtiles) character file.

Game seed: 18382348233596654770, levelgen mode: deterministic

1913 vurker the Gusty (level 8, 36/36 HPs)
             Began as a Felid Air Elementalist on Mar 10, 2020.
             Was a Priest of Vehumet.
             Quit the game on level 7 of the Dungeon.
             The game lasted 00:10:42 (10101 turns).

vurker the Gusty (Felid Air Elementalist)          Turns: 10101, Time: 00:10:43

Health: 36/36      AC:  2    Str:  4    XL:     8   Next: 95%
Magic:  2/18       EV: 18    Int: 18    God:    Vehumet [***...]
Gold:   344        SH:  0    Dex: 21    Spells: 9/19 levels left
                                        Lives:  2   Deaths: 0

rFire    . . .     SeeInvis +   (weapon unavailable)
rCold    . . .     Gourm    .   (shield unavailable)
rNeg     . . .     Faith    .   (armour unavailable)
rPois    .         Spirit   .   (helmet unavailable)
rElec    .         Reflect  .   (cloak unavailable)
rCorr    .         Harm     .   (gloves unavailable)
MR       +....                  (boots unavailable)
Stlth    +++.......             (no amulet)
HPRegen  0.12/turn              b - +4 ring of dexterity
MPRegen  0.16/turn              (no ring)

@: quick
A: very small, no armour, no weapons or thrown items, stealth, claws 1, fangs 3,
see invisible, carnivore, speed 1, shaggy fur 2, slow metabolism 1, sharp paws
a: Renounce Religion


You were on level 7 of the Dungeon.
You worshipped Vehumet.
Vehumet was most pleased with you.
You were very full.

You visited 1 branch of the dungeon, and saw 7 of its levels.

You collected 344 gold pieces.

Inventory:

Jewellery
 b - a +4 ring of dexterity (left paw)
   (You found it on level 4 of the Dungeon)
 i - an uncursed ring of fire
   (You found it on level 2 of the Dungeon)
Wands
 u - a wand of paralysis (11)
   (You found it on level 7 of the Dungeon)
 v - a wand of digging (7)
   (You found it on level 5 of the Dungeon)
Scrolls
 a - 4 scrolls of remove curse
 d - 3 scrolls of fog
 f - 3 scrolls of teleportation
 k - a scroll of magic mapping {unknown}
 l - a scroll of enchant armour {unknown}
 n - a scroll of fear {unknown}
Potions
 c - 4 potions of brilliance
 g - 3 potions of lignification
 h - 2 potions of flight
 j - a potion of curing
 m - 3 potions of heal wounds
Comestibles
 e - 5 rations
 p - 2 chunks of flesh


   Skills:
 + Level 4.4 Fighting
 - Level 2.6 Dodging
 - Level 2.6 Stealth
 * Level 6.4 Spellcasting
 * Level 4.3 Conjurations
 * Level 6.7 Air Magic


You had 9 spell levels left.
You knew the following spells:

 Your Spells              Type           Power        Failure   Level  Hunger
a - Shock                 Conj/Air       ####         1%          1    None
b - Lightning Bolt        Conj/Air       ####......   9%          5    #####..
c - Airstrike             Air            ####......   1%          4    ####...

Your spell library contained the following spells:

 Spells                   Type           Power        Failure   Level  Hunger
 Ignite Poison            Fire/Tmut/Pois #.......     10%         3    ##.....
 Static Discharge         Conj/Air       ####....     1%          3    ##.....
 Swiftness                Chrm/Air       ###.....     4%          2    None


Dungeon Overview and Level Annotations

Branches:
Dungeon (7/15)             Temple (0/1) D:7

Altars:
Ashenzari
Cheibriados
Kikubaaqudgha
Makhleb
Okawaru
Ru
Vehumet
Wu Jian
Yredelemnul

Shops:
D:5 [


Innate Abilities, Weirdness & Mutations

You cannot wear armour.
You are incapable of wielding weapons or throwing items.
Your paws allow you to move quietly. (Stealth)
You have sharp claws.
You have razor-sharp teeth.
You have supernaturally acute eyesight. (SInv)
You are carnivorous and can eat meat at any time.
You cover ground quickly.
You are covered in thick fur. (AC +2)
You have a slow metabolism.
Your sharp claws are effective at attacking unaware monsters.


Message History

Aim: a crimson imp (resting)
The zap hits the crimson imp!
Aim: a crimson imp (heavily wounded)
The zap hits the crimson imp.
The crimson imp blinks!
Aim: a crimson imp (severely wounded)
The zap hits the crimson imp.
You kill the crimson imp!
Vehumet accepts your kill.
You feel your power returning.
You can't see any susceptible monsters within range! (Use Z to cast anyway.) Some of the chunks of flesh in your inventory have rotted away.
Found a scroll of identify.
You can't see any susceptible monsters within range! (Use Z to cast anyway.)
o - a scroll of identify You now have 334 gold pieces (gained 11).
As you open the door, it creaks loudly!
There is an open door here.
You open the door.
Found a stone staircase leading up.
As you read the scroll of identify, it crumbles to dust.
d - 3 scrolls of fog
There is an open door here.
You open the door.
Found a chain mail and 10 gold pieces.
There is an open door here.
You now have 344 gold pieces (gained 10).
There is an open door here.
There is an open door here.
There is an open door here.
You open the door. 3 hogs and a human come into view.
Found 5 rations.
There are monsters nearby!
There are monsters nearby!
Aim: a hog (resting, fire blocked by an iron grate)
The air twists around and strikes the hog!
The hog squeals angrily.
You hear an angry squeal.
The hog squeals angrily. x2
The human shouts!
A hog comes into view.
Aim: a hog (moderately wounded, fire blocked by an iron grate)
The air twists around and strikes the hog!
Aim: a hog (severely wounded, fire blocked by an iron grate)
The air twists around and strikes the hog!
Aim: a hog (almost dead)
The air twists around and strikes the hog!
You kill the hog!
Vehumet accepts your kill.
Vehumet is now aiding your destructive spells.
The hog misses you.
You don't have enough magic to cast that spell.

#.........#.....##<..##....#
#....##...##....##...##....#
#....##...##..........#...#######
#....##....#..........#...##.....
#....##....#..........+..........
..<........#....##...##..........
...........#....##...##..........
...........#.....................
..#####....#....@................
.##...##..#####h##...............
.#.8.8.#### #ph##...............
.#.._..#..#..#..#.........##.....
.#...8.#..#..h..#.........##.....
.#'...##..#..#.%#...(............
..#####...#..#%%#................
⌠.........#######................
..#####...########...............


You could see 3 hogs and a human.

Vanquished Creatures
  A hog (D:7)
  An ice beast (D:6)
  3 black bears
  A sky beast (D:5)
  3 ogres
  A centaur (D:6)
  2 scorpions
  2 howler monkeys
  4 crimson imps
  2 orc priests
  4 hounds
  A jelly (D:5)
  3 worker ants
  2 orc wizards
  A hound zombie (D:7)
  A hound skeleton (D:4)
  A howler monkey zombie (D:6)
  11 adders
  4 gnolls (D:5)
  2 oozes
  An adder zombie (D:5)
  2 adder skeletons
  5 worms
  4 dart slugs
  6 leopard geckos
  17 orcs
  5 bats
  5 giant cockroaches
  12 goblins
  7 hobgoblins
  4 jackals (D:1)
  13 kobolds
  4 quokkas
  3 ball pythons
  2 frilled lizards
  A jackal skeleton (D:4)
  12 rats
153 creatures vanquished.

Notes
Turn   | Place    | Note
-------+----------+-------------------------------------------
     0 | D:1      | vurker the Felid Air Elementalist began the quest for the
                  | Orb.
     0 | D:1      | Reached XP level 1. HP: 7/7 MP: 4/4
   159 | D:1      | Reached skill level 1 in Conjurations
   501 | D:1      | Reached XP level 2. HP: 12/12 MP: 3/6
  1432 | D:1      | Reached XP level 3. HP: 15/15 MP: 5/7
  1703 | D:2      | Reached skill level 1 in Fighting
  2086 | D:2      | Found a radiant altar of Vehumet.
  2107 | D:2      | Became a worshipper of Vehumet
  2329 | D:2      | Reached XP level 4. HP: 19/19 MP: 6/9
  4044 | D:3      | Reached XP level 5. HP: 22/22 MP: 5/10
  4229 | D:3      | Reached * piety under Vehumet
  4229 | D:3      | Offered knowledge of Magic Dart by Vehumet.
  5292 | D:4      | Offered knowledge of Freeze by Vehumet.
  5457 | D:4      | Gained mutation: You are covered in thick fur. (AC +2)
                  | [Felid growth]
  5457 | D:4      | Reached XP level 6. HP: 25/26 MP: 0/12
  5544 | D:4      | Reached ** piety under Vehumet
  5890 | D:4      | Reached XP level 7. HP: 30/30 MP: 10/14
  6068 | D:4      | Learned a level 5 spell: Lightning Bolt
  6073 | D:4      | Learned a level 4 spell: Airstrike
  6267 | D:4      | Reached skill level 5 in Air Magic
  6578 | D:5      | Entered Level 5 of the Dungeon
  6773 | D:5      | Found Direletu's Armour Emporium.
  6813 | D:5      | Reached skill level 5 in Spellcasting
  7860 | D:6      | Reached XP level 8. HP: 34/34 MP: 10/16
  8171 | D:6      | Offered knowledge of Ignite Poison by Vehumet.
  8620 | D:6      | Found an ornate altar of the Wu Jian Council.
  9041 | D:6      | Found an ancient bone altar of Kikubaaqudgha.
  9041 | D:6      | Found a sacrificial altar of Ru.
  9655 | D:7      | Found a shattered altar of Ashenzari.
  9720 | D:7      | Found a staircase to the Ecumenical Temple.
  9937 | D:7      | Found a basalt altar of Yredelemnul.
  9942 | D:7      | Found an iron altar of Okawaru.
  9945 | D:7      | Found a snail-covered altar of Cheibriados.
  9948 | D:7      | Found a burning altar of Makhleb.
 10100 | D:7      | Reached *** piety under Vehumet
 10101 | D:7      | Quit the game

Levels and vault maps discovered:
D:1:      dpeg_arrival_tiny_i, layout_loops_corners
D:2:      layout_rooms, lemuel_round_altar, first_ration,
          kennysheep_pointless_box, lexackson_kobold_supper
D:3:      minmay_chambers_of_threes, layout_basic, hangedman_decor_lopped
D:4:      layout_basic
D:5:      layout_basic, serial_shops, shop
D:6:      layout_cave_pools, old_standard_altar, gammafunk_temple_overflow_wave
D:7:      layout_gridville, cheibrodos_ashenzari_chains,
          grunt_temple_overflow_cloverleaf, temple_hall, grunt_livestock

Skill      XL: |  1  2  3  4  5  6  7  8 |
---------------+-------------------------+-----
Conjurations   | 1 2 3 4 |  4.3
Air Magic      | 3 4 5 6 |  6.7
Fighting       | 1 2 3 4 |  4.4
Spellcasting   | 3 4 5 6 |  6.4
Dodging        | |  2.6
Stealth        | |  2.6

Action                   |  1- 3 |  4- 6 |  7- 9 || total
-------------------------+-------+-------+-------++-------
Melee: Unarmed           |    32 |    28 |    10 ||    70
       Bite              |     4 |     1 |       ||     5
 Cast: Shock             |    87 |   172 |   141 ||   400
       Airstrike         |       |       |    37 ||    37
  Use: Potion            |     2 |     1 |     5 ||     8
       Scroll            |       |     3 |     3 ||     6
  Eat: Chunk             |    11 |     7 |    13 ||    31
Armor: Skin              |     5 |     2 |     2 ||     9
Dodge: Dodged            |    49 |    62 |    42 ||   153

Table legend:
 A = Non-vault XP
 B = Vault XP
 C = Vault XP percentage of total XP
 D = Non-vault monster count
 E = Vault monster count
 F = Vault count percentage of total count
                 A         B        C        D         E       F
            +---------+---------+-------+---------+---------+-------
      Total |    2471 |     262 |   9.6 |     132 |      21 |  13.7
            +---------+---------+-------+---------+---------+-------
        D:1 |      42 |       0 |   0.0 |      24 |       0 |   0.0
        D:2 |      96 |      14 |  12.7 |      17 |       8 |  32.0
        D:3 |     154 |      59 |  27.7 |      28 |      12 |  30.0
        D:4 |     599 |       0 |   0.0 |      20 |       0 |   0.0
        D:5 |     461 |       0 |   0.0 |      14 |       0 |   0.0
        D:6 |     795 |       0 |   0.0 |      18 |       0 |   0.0
        D:7 |     324 |     189 |  36.8 |      11 |       1 |   8.3
            +---------+---------+-------+---------+---------+-------
